 Dungeon Crawl Stone Soup version 0.27-a0-1273-gec92ba881d (webtiles) character file.

Game seed: 9220180366588871539

110 rabbitsville the Poker (level 4, -8/38 HPs)
             Began as a Merfolk Fighter on June 11, 2021.
             Was an Initiate of Qazlal.
             Killed from afar by a goblin (9 damage)
             ... with a bolt of acid
             ... on level 4 of the Dungeon.
             The game lasted 00:17:45 (2282 turns).

rabbitsville the Poker (Merfolk Fighter)            Turns: 2282, Time: 00:17:45

Health: -8/38      AC: 10    Str: 23    XL:     4   Next: 91%
Magic:  4/4        EV:  5    Int:  7    God:    Qazlal [......]
Gold:   168        SH:  9    Dex: 13    Spells: 3/3 levels left

rFire    . . .     SeeInvis .   a - +0 trident
rCold    . . .     Faith    .   c - +0 kite shield
rNeg     . . .     Spirit   .   l - +0 chain mail
rPois    .         Reflect  .   h - +0 helmet
rElec    .         Harm     .   (no cloak)
rCorr    .         Rampage  .   p - +0 pair of gloves
Will     .....                  (no boots)
Stlth    ..........             (no amulet)
HPRegen  0.12/turn              g - +6 ring of strength
MPRegen  0.09/turn              (no ring)

@: no status effects
A: (nimble swimmer 2), mertail
a: Renounce Religion


You were on level 4 of the Dungeon.
You worshipped Qazlal.
Qazlal was noncommittal.
You visited 1 branch of the dungeon, and saw 4 of its levels.

You collected 168 gold pieces.

Inventory:

Hand Weapons
 a - a +0 trident (weapon)
Missiles
 n - 31 stones (quivered)
 o - 23 poisoned darts
Armour
 b - a +0 scale mail
 c - a +0 kite shield (worn)
 h - a +0 helmet (worn)
 l - a +0 chain mail (worn)
 p - a +0 pair of gloves (worn)
Jewellery
 g - a +6 ring of strength (left hand)
Scrolls
 f - a scroll of magic mapping {unknown}
 i - a scroll of fog {unknown}
 k - a scroll of enchant armour {unknown}
 q - a scroll of amnesia {unknown}
Potions
 e - a potion of magic {unknown}
 j - a potion of heal wounds {unknown}
 m - a potion of curing {unknown}


   Skills:
 + Level 4.3 Fighting
 * Level 6.1 Polearms
 - Level 2.1 Armour
 - Level 3.0 Shields


You had 3 spell levels left.
You didn't know any spells.
Your spell library was empty.

Dungeon Overview and Level Annotations

Branches:
Dungeon (4/15)             Temple (0/1) D:4

Altars:
Elyvilon
Qazlal
Ru
Xom

Annotations:
D:4 Grinder


Innate Abilities, Weirdness & Mutations

((You are quick and stealthy near water. (Stealth+, EV+, Speed+++)))
Your lower body shifts to a powerful aquatic tail in water.


Message History

You kill the goblin!
Qazlal accepts your kill.
You start resting.
You feel a little less mighty now.
You start resting.
HP restored.
You climb downwards.
Level annotation: Grinder
There is a stone staircase leading up here.
Press: ? - help, v - describe, . - travel The floor.
Grinder gestures at you.
You suddenly lose the ability to move!
Grinder says, "I used to sell toenails on the black market."
Grinder blinks!
You can move again.
Reach: a) +0 trident
Press: ? - help, Dir - move target, f - Grinder
Aim: Grinder (about 42% to evade your +0 trident)
You reach to attack!
You closely miss Grinder.
A goblin comes into view.
It is wielding a +0 dagger and carrying a wand of acid (5).
You block Grinder's attack.
You hit Grinder.
Grinder is lightly wounded.
You block Grinder's attack.
Your chain mail prevents you from hitting Grinder.
Grinder is lightly wounded.
You block Grinder's attack.
You closely miss Grinder.
Grinder is lightly wounded.
Grinder hits you but does no damage.
The goblin zaps a wand.
The bolt of acid hits you!!
Ouch! That really hurt!
You are splashed with acid!
* * * LOW HITPOINT WARNING * * *
Grinder gestures at you. Pain shoots through your body!
* * * LOW HITPOINT WARNING * * *
The goblin zaps a wand.
The bolt of acid hits you!
You die...

..
######..⌠..
##$...#.....
##...... ...>
#......#.....
#......#..⌠..
#....5..g....
#......#.....
#....@.##.##.
#.........#..
#.?.........#
#...[........
#.[.......###
#..........#
##.......#...
##.....####.
#######


You could see Grinder and a goblin.

Vanquished Creatures
  Ijyb (D:4)
  3 adders (D:2)
  An orc (D:2)
  2 endoplasms
  2 giant cockroaches
  3 hobgoblins
  10 jackals
  4 quokkas
  2 ball pythons (D:2)
  6 bats
  3 frilled lizards
  9 goblins
  2 kobolds
  5 rats
53 creatures vanquished.

Notes
Turn   | Place    | Note
-------+----------+-------------------------------------------
     0 | D:1      | rabbitsville the Merfolk Fighter began the quest for the
                  | Orb.
     0 | D:1      | Reached XP level 1. HP: 18/18 MP: 1/1
    27 | D:1      | Found a faded altar of an unknown god.
    38 | D:1      | Became a worshipper of Elyvilon the Healer
    38 | D:1      | Reached * piety under Elyvilon
   340 | D:1      | Reached XP level 2. HP: 24/24 MP: 2/2
   462 | D:1      | Reached skill level 4 in Polearms
   851 | D:2      | Found a sacrificial altar of Ru.
   874 | D:2      | Reached ** piety under Elyvilon
   903 | D:2      | Upgraded the game from 0.27-a0-1256-gced786f65e to
                  | 0.27-a0-1273-gec92ba881d
   918 | D:2      | Reached XP level 3. HP: 29/30 MP: 3/3
  1138 | D:2      | Reached skill level 5 in Polearms
  1435 | D:2      | Reached XP level 4. HP: 37/37 MP: 4/4
  1648 | D:3      | Found a shimmering altar of Xom.
  1650 | D:3      | Found a stormy altar of Qazlal.
  1681 | D:3      | Found a white marble altar of Elyvilon.
  1741 | D:3      | Fell from the grace of Elyvilon
  1741 | D:3      | Became a worshipper of Qazlal Stormbringer
  2070 | D:4      | Found a staircase to the Ecumenical Temple.
  2070 | D:4      | Noticed Ijyb
  2077 | D:4      | Noticed Grinder
  2080 | D:4      | Paralysed by Grinder for 4 turns
  2087 | D:4      | Killed Ijyb
  2088 | D:4      | Reached skill level 6 in Polearms
  2272 | D:4      | Paralysed by Grinder for 4 turns
  2282 | D:4      | HP: 1/38 [Grinder/nerve-wracking pain (3)]
  2282 | D:4      | Killed from afar by a goblin

Illustrated notes

Levels and vault maps discovered:
D:1:      beargit_arrival_greenhouse, layout_loops_ring,
          shapermc_ecumenical_altar_venn
D:2:      layout_loops_ring, basic_altar
D:3:      layout_rooms, grunt_temple_overflow_open, minmay_stone_trees_small
D:4:      layout_rooms, minmay_temple_entry_large_hall,
          minmay_manual_monstrance, uniq_ijyb, uniq_grinder

Skill      XL: |  1  2  3  4 |
---------------+-------------+-----
Polearms       | 4 5 6 |  6.1
Fighting       | 4 |  4.3
Armour         | |  2.1
Shields        | |  3.0

Action                   |  1- 3 |  4- 6 || total
-------------------------+-------+-------++-------
Melee: Trident           |   104 |    71 ||   175
  Use: Potion            |       |     1 ||     1
Armor: Scale mail        |    13 |       ||    13
       Chain mail        |    34 |    51 ||    85
Dodge: Dodged            |    24 |    21 ||    45
Block: Kite shield       |    53 |    40 ||    93

Table legend: (Time is in decaauts)
 A = Elapsed time spent in this place.
 B = Non-inter-level travel time spent in this place.
 C = Inter-level travel time spent in this place.
 D = Time resting spent in this place.
 E = Time spent auto-exploring this place.
 F = Levels seen in this place.
 G = Mean time per level.
                   A        B        C        D        E       F      G
               +--------+--------+--------+--------+--------+-----+--------+
         Total |   2333 |   2263 |     70 |    362 |    926 |   4 |  583.2 |
       Dungeon |   2333 |   2263 |     70 |    362 |    926 |   4 |  583.2 |
               +--------+--------+--------+--------+--------+-----+--------+

Top non-repeatable levels by time:
     D:1: 842 daAuts
     D:2: 749 daAuts
     D:3: 706 daAuts
     D:4: 35 daAuts
